 Dungeon Crawl Stone Soup version 0.21.2 (webtiles) character file.

87 Fang the Skirmisher (level 4, -1/29 HPs)
             Began as a Gargoyle Berserker on Sept 25, 2018.
             Was a Believer of Trog.
             Slain by a phantom (6 damage)
             ... on level 2 of the Dungeon on Dec 6, 2018.
             The game lasted 00:01:46 (1499 turns).

Fang the Skirmisher (Gargoyle Berserker)            Turns: 1499, Time: 00:01:46

Health: -1/29      AC:  9    Str: 21    XL:     4   Next: 51%
Magic:  4/4        EV: 11    Int: 11    God:    Trog [**....]
Gold:   143        SH:  0    Dex:  9    Spells: 3/3 levels left

rFire    . . .     SeeInvis .   a - +0 hand axe
rCold    . . .     Gourm    .   (no shield)
rNeg     + . .     Faith    .   h - +0 ring mail
rPois    ∞         Spirit   .   (no helmet)
rElec    +         Reflect  .   (no cloak)
rCorr    .         Harm     .   (no gloves)
MR       .....                  (no boots)
Stlth    ..........             (no amulet)
HPRegen  0.09/turn              m - +3 ring of intelligence
MPRegen  0.09/turn              (no ring)

@: no status effects
A: negative energy resistance 1, electricity resistance, unbreathing,
petrification resistance, rot immunity, AC +3
a: Berserk, Trog's Hand, Burn Spellbooks, Renounce Religion


You were on level 2 of the Dungeon.
You worshipped Trog.
Trog was pleased with you.
You were very hungry.

You visited 1 branch of the dungeon, and saw 2 of its levels.

You collected 143 gold pieces.

Inventory:

Hand Weapons
 a - a +0 hand axe (weapon)
Armour
 h - a +0 ring mail (worn)
Jewellery
 m - a +3 ring of intelligence (left hand)
Scrolls
 b - a scroll of blinking {unknown}
 e - 3 scrolls of remove curse {unknown}
 f - a scroll of identify {unknown}
 k - a scroll of noise {unknown}
 n - a scroll of amnesia {unknown}
Potions
 d - a potion of lignification {unknown}
 g - a potion of might {unknown}
 i - 2 potions of agility {unknown}
 j - 3 potions of heal wounds {unknown}
 l - a potion of mutation {unknown}
 o - a potion of brilliance {unknown}
Comestibles
 c - 3 rations


   Skills:
 + Level 4.2 Fighting
 + Level 3.6 Axes
 + Level 2.4 Armour
 + Level 2.1 Dodging


You had 3 spell levels left.
You didn't know any spells.

Dungeon Overview and Level Annotations

Branches:
Dungeon (2/15)

Altars:
Dithmenos
Elyvilon
Makhleb
Qazlal
Sif Muna


Innate Abilities, Weirdness & Mutations

You are resistant to torment.
Your stone body is resilient. (AC +3)
You are immune to poison.
You resist negative energy. (rN+)
You are resistant to electric shocks. (rElec)
You can survive without breathing.
You are immune to petrification.
You are immune to rotting.


Message History

The phantom hits you.
* * * LOW HITPOINT WARNING * * *
The phantom blinks!
You swing at nothing.
You are feeling very hungry.
The phantom blinks!
You swing at nothing.
You hit the phantom.
The phantom blinks!
You swing at nothing.
You swing at nothing.
You swing at nothing.
You hit the phantom but do no damage.
The phantom blinks!
You swing at nothing.
You swing at nothing.
You swing at nothing.
You barely miss the phantom. The phantom barely misses you.
The phantom hits you but does no damage.
You miss the phantom.
The phantom blinks!
You barely miss the phantom. The phantom hits you.
You die...

.. #' #.
####.####
........#
#.##...#.#
........W######.#
#..§@...)....#
##.##.########
#.##.# #.###.##.#
#........#
#####.#### #.#
########### #.#
........#<## #.#
########


You could see a phantom.

Vanquished Creatures
  Robin (D:2)
  2 adders (D:2)
  2 oozes
  A worm (D:2)
  2 dart slugs
  4 giant cockroaches
  6 hobgoblins
  2 ball pythons (D:2)
  6 bats
  11 goblins
  3 kobolds (D:2)
  4 rats
44 creatures vanquished.

Notes
Turn   | Place    | Note
-------+----------+-------------------------------------------
     0 | D:1      | Fang the Gargoyle Berserker began the quest for the Orb.
     0 | D:1      | Reached XP level 1. HP: 14/14 MP: 1/1
   121 | D:1      | Reached XP level 2. HP: 18/19 MP: 2/2
   464 | D:1      | Reached XP level 3. HP: 24/24 MP: 3/3
   735 | D:2      | Found a stormy altar of Qazlal.
   736 | D:2      | Found a shadowy altar of Dithmenos.
   737 | D:2      | Found a white marble altar of Elyvilon.
   737 | D:2      | Found a burning altar of Makhleb.
   738 | D:2      | Found a deep blue altar of Sif Muna.
   750 | D:2      | Reached ** piety under Trog
   764 | D:2      | Noticed Robin
   779 | D:2      | Killed Robin
   779 | D:2      | Reached skill level 4 in Fighting
   961 | D:2      | Reached XP level 4. HP: 18/29 MP: 4/4
  1423 | D:2      | Noticed a phantom
  1499 | D:2      | Slain by a phantom

Skill      XL: |  1  2  3 |
---------------+----------+-----
Axes           | 3 |  3.6
Fighting       | 4 |  4.2
Dodging        | 2 |  2.1
Armour         | |  2.4

Action                   |  1- 3 |  4- 6 || total
-------------------------+-------+-------++-------
Melee: Hand axe          |    77 |    44 ||   121
Invok: Berserk           |     1 |       ||     1
  Eat: Chunk             |     1 |     1 ||     2
Armor: Animal skin       |    20 |       ||    20
       Ring mail         |    12 |    28 ||    40
Dodge: Dodged            |    51 |    35 ||    86
